 Dungeon Crawl Stone Soup version 0.22.1-1-ga44c0e5 (webtiles) character file.

13161 Folque the Quickloader (level 11, -12/89 HPs)
             Began as a Minotaur Hunter on Oct 27, 2018.
             Was an Elder of Zin.
             Splashed by an acid dragon's acid (15 damage)
             ... on level 11 of the Dungeon on Oct 28, 2018.
             The game lasted 00:53:45 (11086 turns).

Folque the Quickloader (Minotaur Hunter)           Turns: 11086, Time: 00:53:46

Health: -12/89     AC: 13    Str: 22    XL:     11   Next: 71%
Magic:  17/17      EV: 14    Int: 11    God:    Zin [****..]
Gold:   459        SH:  5    Dex: 15    Spells: 10/10 levels left

rFire    + . .     SeeInvis .   q - +1 hand crossbow
rCold    . . .     Gourm    .   B - +0 buckler
rNeg     . . .     Faith    .   F - +2 scale mail {rF+}
rPois    ∞         Spirit   .   M - +2 hat
rElec    .         Reflect  .   G - +1 cloak
rCorr    .         Harm     .   E - +1 pair of gloves
MR       .....                  (no boots)
Stlth    ..........             (no amulet)
HPRegen  0.24/turn              D - +1 ring of evasion
MPRegen  0.15/turn              p - ring of poison resistance

@: vitalised, about to teleport, corroded
A: retaliatory headbutt, horns 2
a: Recite, Vitalisation, Imprison, Donate Gold, Renounce Religion


You were on level 11 of the Dungeon.
You worshipped Zin.
Zin was greatly pleased with you.
You were not hungry.

You visited 1 branch of the dungeon, and saw 11 of its levels.
You also visited: Sewer.

You collected 632 gold pieces.
You donated 173 gold pieces to Zin.

Inventory:

Hand Weapons
 b - a +0 short sword
 n - a +1 mace of protection
 q - a +1 hand crossbow (weapon)
 s - a +2 flail of draining
Missiles
 d - 31 bolts (quivered)
 e - a throwing net
 A - 51 poisoned needles
 P - 8 exploding tomahawks
Armour
 a - a +2 ring mail of positive energy
 c - a +0 leather armour
 r - a +0 cloak
 B - a +0 buckler (worn)
 E - a +1 pair of gloves (worn)
 F - a +2 scale mail of fire resistance (worn)
 G - a +1 cloak (worn)
 M - a +2 hat (worn)
Magical Staves
 K - an uncursed staff of cold {unknown}
Jewellery
 o - the ring of Uzxulo {rCorr +Blink rPois rC+ Slay-5, unknown}
   (You found it on level 10 of the Dungeon)

   [ring of resist corrosion]

   It affects your accuracy and damage with ranged weapons and melee attacks
   (-5).
   It protects you from cold.
   It protects you from poison.
   It lets you blink.
 p - a ring of poison resistance (right hand)
 y - a cursed -2 ring of strength
 D - a +1 ring of evasion (left hand)
 N - an uncursed ring of positive energy {unknown}
 Q - a +3 amulet of reflection {unknown}
Wands
 C - a wand of paralysis (13)
 L - a wand of digging (17)
Scrolls
 g - a scroll of immolation {unknown}
 i - 3 scrolls of fear
 k - 5 scrolls of remove curse
 m - a scroll of magic mapping {unknown}
 w - a scroll of amnesia {unknown}
 x - a scroll of noise
 z - a scroll of enchant armour
 H - a scroll of random uselessness {unknown}
Potions
 h - 2 potions of flight
 j - 3 potions of mutation
 t - a potion of degeneration {unknown}
 u - 3 potions of lignification {unknown}
 v - a potion of brilliance {unknown}
 J - a potion of cancellation {unknown}
Comestibles
 f - 17 rations


   Skills:
 - Level 6.2 Fighting
 + Level 9.5 Maces & Flails
 - Level 10.6 Crossbows
 + Level 10.1 Armour
 - Level 5.1 Dodging
 - Level 0.7 Stealth
 * Level 4.0 Shields
 - Level 9.6 Invocations


You had 10 spell levels left.
You didn't know any spells.
Your spell library was empty.

Dungeon Overview and Level Annotations

Branches:
Dungeon (11/15)            Temple (0/1) D:7             Orc (0/2) D:9
   Lair: D:8-11

Altars:
Cheibriados
Fedhas
Gozag
Kikubaaqudgha
Makhleb
Nemelex Xobeh
Trog
Vehumet
Wu Jian
Xom
Zin
The Shining One

Shops:
D:7 (

Annotations:
D:6 Blork the orc
D:9 exclusion: statue


Innate Abilities, Weirdness & Mutations

You reflexively headbutt those who attack you in melee.
You have a pair of horns on your head.


Message History

The acid dragon spits acid at you. The splash of acid hits you!
You are splashed with acid!
The acid burns!
* * * LOW HITPOINT WARNING * * *
You hear a shout!
Found 24 stones, 23 gold pieces and a tourmaline ring.
Found an escape hatch in the ceiling and an escape hatch in the floor.
Found a stone staircase leading down.
Okay, then.
As you read the scroll of teleportation, it crumbles to dust.
You feel strangely unstable.
You hear a shout! x3
You hear a shout!
A worker ant comes into view.
You hear a shout!
You hear a shout!
The acid dragon spits acid at you. The splash of acid hits you!
* * * LOW HITPOINT WARNING * * *
The acid corrodes you!
You are splashed with acid!
The acid burns!
You die...

.......... ....
=........# ...#
.....$..t##Dr.##
................
..<.............
..(............
...........#
...........#
>........@.#
####>......#
#####...# #...#
#...a #.....
#...... #......


You could see a crocodile, an acid dragon, a worker ant and a quokka.

Vanquished Creatures
  Gastronok (D:9)
  Harold (D:7)
  A hydra (D:10)
  A two-headed ogre (D:10)
  An unseen horror (D:10)
  Pikel (D:9)
  A manticore (D:11)
  Maurice (D:9)
  2 trolls
  2 dream sheep (D:10)
  2 yaks (D:10)
  2 hungry ghosts
  A wyvern (D:6)
  2 ice beasts
  2 phantoms
  3 slaves (D:9)
  8 orc warriors
  2 necrophages
  6 ogres
  8 centaurs
  A crocodile (D:9)
  9 big kobolds
  4 bullfrogs
  4 gnoll sergeants
  A water moccasin zombie (D:9)
  A wyvern skeleton (D:7)
  2 scorpions
  8 killer bees (D:9)
  3 wights (D:10)
  2 electric eels (D:6)
  3 howler monkeys
  4 crimson imps
  A jelly (D:7)
  9 orc priests
  2 bullfrog skeletons
  A centaur skeleton (D:4)
  2 centaur zombies (D:10)
  Crazy Yiuf (D:3)
  7 hounds
  Jessica (D:3)
  Terence (D:3)
  3 iguanas
  Natasha (twice) (D:3)
  14 orc wizards
  3 worker ants
  A hound zombie (D:8)
  2 hound skeletons
  2 worker ant zombies
  15 adders
  12 gnolls
  A howler monkey skeleton (D:7)
  2 river rats (Sewer)
  4 shadow imps
  2 oozes
  An adder skeleton (D:9)
  An adder zombie (D:6)
  5 worms
  2 dart slugs
  3 leopard geckos
  51 orcs
  4 bats
  8 giant cockroaches
  5 goblins
  8 hobgoblins
  6 jackals
  4 quokkas
  A ball python (D:2)
  4 frilled lizards
  14 kobolds
  A leopard gecko skeleton (D:4)
  A quokka zombie (D:7)
  7 rats
304 creatures vanquished.

Vanquished Creatures (others)
  A slave (D:9)
  2 orc wizards (D:9)
3 creatures vanquished.

Grand Total: 307 creatures vanquished

Notes
Turn   | Place    | Note
-------+----------+-------------------------------------------
     0 | D:1      | Folque the Minotaur Hunter began the quest for the Orb.
     0 | D:1      | Reached XP level 1. HP: 18/18 MP: 0/0
    67 | D:1      | Reached XP level 2. HP: 25/25 MP: 1/1
   659 | D:1      | Reached XP level 3. HP: 29/31 MP: 2/2
  1047 | D:2      | Reached XP level 4. HP: 25/40 MP: 3/3
  1074 | D:2      | Reached skill level 5 in Crossbows
  1320 | D:2      | Reached skill level 1 in Armour
  1431 | D:3      | Noticed a centaur
  1439 | D:3      | Killed a centaur
  1439 | D:3      | Reached XP level 5. HP: 17/46 MP: 4/4
  1530 | D:3      | Found a shimmering altar of Xom.
  1532 | D:3      | Found a shimmering altar of Xom.
  1533 | D:3      | Found a shimmering altar of Xom.
  1534 | D:3      | Found a shimmering altar of Xom.
  1534 | D:3      | Found a shimmering altar of Xom.
  1600 | D:3      | Found a glowing drain.
  1666 | Sewer    | Entered a sewer
  2007 | Sewer    | Reached XP level 6. HP: 33/53 MP: 5/5
  2145 | Sewer    | Found a white marble altar of Elyvilon.
  2329 | D:3      | Found a snail-covered altar of Cheibriados.
  2397 | D:3      | Found a runed door.
  2401 | D:3      | Noticed Crazy Yiuf
  2403 | D:3      | Killed Crazy Yiuf
  2501 | D:3      | Found a sparkling altar of Nemelex Xobeh.
  2501 | D:3      | Noticed Jessica
  2502 | D:3      | Noticed Natasha
  2503 | D:3      | Killed Jessica
  2503 | D:3      | Reached skill level 5 in Fighting
  2511 | D:3      | Killed Natasha
  2511 | D:3      | Reached skill level 1 in Maces & Flails
  2574 | D:3      | Found a glowing golden altar of the Shining One.
  2574 | D:3      | Noticed Terence
  2585 | D:3      | Killed Terence
  2630 | D:3      | Reached XP level 7. HP: 45/61 MP: 6/6
  2764 | D:3      | Noticed Natasha
  2767 | D:3      | Killed Natasha
  2823 | D:3      | Became a worshipper of the Shining One
  3490 | D:4      | Found a glowing silver altar of Zin.
  3499 | D:4      | Fell from the grace of the Shining One
  3499 | D:4      | Became a worshipper of Zin the Law-Giver
  3499 | D:4      | Reached * piety under Zin
  3557 | D:5      | Entered Level 5 of the Dungeon
  3670 | D:5      | Donated 110 gold pieces to Zin
  3692 | D:5      | Found an ancient bone altar of Kikubaaqudgha.
  3768 | D:5      | Reached skill level 1 in Invocations
  3953 | D:5      | Reached ** piety under Zin
  3977 | D:5      | Reached XP level 8. HP: 45/70 MP: 6/8
  4447 | D:6      | Reached skill level 5 in Maces & Flails
  4667 | D:6      | Reached *** piety under Zin
  4825 | D:6      | Reached skill level 5 in Armour
  4830 | D:6      | Noticed Blork the orc
  5584 | D:7      | Reached XP level 9. HP: 51/75 MP: 10/10
  5831 | D:7      | Found Jaopud's Antique Weapon Shoppe.
  5831 | D:7      | Noticed Harold
  5882 | D:7      | Killed Harold
  5882 | D:7      | Reached skill level 5 in Dodging
  5882 | D:7      | Reached skill level 5 in Invocations
  5957 | D:7      | Found a staircase to the Ecumenical Temple.
  6645 | D:8      | Reached **** piety under Zin
  6798 | D:8      | Found an ornate altar of the Wu Jian Council.
  6939 | D:8      | Reached XP level 10. HP: 83/83 MP: 13/13
  7057 | D:8      | Found a bloodstained altar of Trog.
  7195 | D:8      | Found an opulent altar of Gozag.
  7263 | D:8      | Found a burning altar of Makhleb.
  7467 | D:9      | Noticed Pikel
  7521 | D:9      | Noticed Joseph
  7553 | D:9      | Killed Pikel
  7818 | D:9      | Found a radiant altar of Vehumet.
  8233 | D:9      | Noticed Gastronok
  8259 | D:9      | Killed Gastronok
  8259 | D:9      | Reached skill level 10 in Crossbows
  8335 | D:9      | Noticed Maurice
  8445 | D:9      | Found a staircase to the Orcish Mines.
  8746 | D:9      | Reached XP level 11. HP: 50/89 MP: 16/16
  9455 | D:9      | Killed Maurice
  9496 | D:10     | Entered Level 10 of the Dungeon
  9513 | D:10     | Noticed a two-headed ogre
  9811 | D:10     | Killed an unseen horror
 10319 | D:10     | Noticed a two-headed hydra
 10333 | D:10     | Killed a two-headed hydra
 10394 | D:10     | Got a clouded lapis lazuli ring
 10442 | D:10     | Killed a two-headed ogre
 10737 | D:10     | Found a blossoming altar of Fedhas.
 10739 | D:10     | Reached skill level 10 in Armour
 11086 | D:11     | HP: 3/89 [acid dragon/splash of acid (9)]
 11086 | D:11     | Splashed by an acid dragon's acid

Skill      XL: |  1  2  3  4  5  6  7  8  9 10 11 |
---------------+----------------------------------+-----
Fighting       | 3 4 5 6 |  6.2
Dodging        | 3 4 5 |  5.1
Crossbows      | 5 6 7 8 10 | 10.6
Armour         | 1 2 3 4 5 7 8 10 | 10.1
Maces & Flails | 1 4 6 8 9 |  9.5
Invocations    | 1 3 6 8 9 |  9.6
Shields        | 4 |  4.0
Stealth        | |  0.7

Action                   |  1- 3 |  4- 6 |  7- 9 | 10-12 || total
-------------------------+-------+-------+-------+-------++-------
Melee: Short sword       |    68 |     5 |       |       ||    73
       Headbutt          |     6 |    17 |    50 |    99 ||   172
       Mace              |       |   102 |   250 |   417 ||   769
       Flail             |       |       |     7 |       ||     7
 Fire: Hand crossbow     |    20 |    30 |   118 |   174 ||   342
Throw: Throwing net      |       |       |       |     3 ||     3
Invok: Recite            |       |       |    24 |    21 ||    45
       Donate Gold       |       |       |     2 |       ||     2
       Vitalisation      |       |       |     3 |     5 ||     8
       Imprison          |       |       |     1 |     1 ||     2
Evoke: Wand              |       |       |       |     1 ||     1
  Use: Scroll            |       |     7 |     4 |     4 ||    15
       Potion            |       |     2 |     3 |     4 ||     9
 Stab: Confused          |       |       |     2 |     3 ||     5
       Invisible         |       |       |     1 |     1 ||     2
       Held in net/web   |       |       |       |     1 ||     1
  Eat: Chunk             |       |     6 |    15 |     5 ||    26
       Ration            |       |       |       |     3 ||     3
Armor: Leather armour    |    19 |    42 |       |       ||    61
       Ring mail         |       |    13 |   110 |       ||   123
       Scale mail        |       |       |    19 |   247 ||   266
Dodge: Dodged            |    53 |    95 |   184 |   296 ||   628
Block: Buckler           |       |       |       |    27 ||    27
